 Dungeon Crawl Stone Soup version 0.30-a0-879-ga8ba668304 (webtiles) character file.

Game seed: 5415412552220240363

135 jimonade the Magician (level 5, -3/38 HPs)
             Began as a Djinni Warper on Mar 14, 2023.
             Slain by a river rat (5 damage)
             ... in a sewer.
             The game lasted 00:04:57 (1806 turns).

jimonade the Magician (Djinni Warper)               Turns: 1806, Time: 00:04:58

Health: -3/38      AC:  7    Str: 12    XL:     5   Next: 41%
Gold:   84         EV: 10    Int: 14    God:
                   SH:  0    Dex: 13

rFire   + + .      SeeInvis .    a - +0 spear
rCold   x . .      Faith    .    (no shield)
rNeg    . . .      Spirit   .    f - +0 ring mail
rPois   ∞          Reflect  .    o - +1 helmet
rElec   .          Rampage  .    (no cloak)
rCorr   .                        (no gloves)
Will    .....                    (boots unavailable)
Stlth   +                        h - amulet of the acrobat
HPRegen 0.26/turn                (no ring)
MPRegen 0.00/turn                (no ring)

@: flying
A: sickness immunity, fire resistance 2, cold vulnerability 1, float, innate
caster, HP casting, extra vitality 1
a: no special abilities


You were in a sewer.
You visited 1 branch of the dungeon, and saw 3 of its levels.
You also visited: Sewer.

You collected 84 gold pieces.

Inventory:

Hand Weapons
 a - a +0 spear (weapon)
Missiles
 d - 7 boomerangs of dispersal
 q - 3 poisoned darts
Armour
 b - a +0 leather armour
 f - a +0 ring mail (worn)
 o - a +1 helmet (worn)
Jewellery
 h - an amulet of the acrobat (around neck)
 p - an amulet of reflection
Scrolls
 c - 2 scrolls of blinking
 g - 2 scrolls of identify
 i - a scroll of fear
 k - a scroll of enchant weapon {unknown}
 m - a scroll of teleportation
Potions
 e - 2 potions of might
 j - a potion of cancellation
 l - a potion of invisibility {unknown}
 n - a potion of ambrosia


   Skills:
 - Level 2.0 Fighting
 - Level 1.5 Polearms
 - Level 0.7 Throwing
 - Level 1.0 Armour
 - Level 2.1 Dodging
 + Level 4.4 Spellcasting


You knew the following spells:

 Your Spells              Type           Power      Damage    Failure   Level
a - Blink                 Tloc           30%        N/A       11%         2
b - Lesser Beckoning      Tloc           30%        N/A       11%         2
c - Vhi's Electric Charg  Tloc/Air       30%        N/A       21%         3
d - Teleport Other        Tloc           15%        N/A       21%         3
e - Manifold Assault      Tloc           15%        N/A       56%         4
f - Beastly Appendage     Tmut           30%        N/A       7%          1
g - Ensorcelled Hibernat  Hex/Ice        30%        N/A       11%         2
Your spell library was empty.

Dungeon Overview and Level Annotations

Branches:
Dungeon (3/15)              Sewer (1/1)

Altars:

Shops:
D:2 [


Innate Abilities, Weirdness & Mutations

You are immune to sickness and miasma.
You are immune to poison.
Your flesh is very heat resistant. (rF++)
You are vulnerable to cold. (rC-)
You float through the air rather than walking.
You learn spells naturally, not from books.
Your magical power is your life essence.
You have superior vitality. (+4 MHP)


Message History

The river rat is moderately wounded.
The river rat bites you.
You hit the river rat but do no damage.
The river rat is moderately wounded.
The river rat misses you.
You hit the river rat.
The river rat is heavily wounded.
The river rat bites you!
You hit the river rat.
The river rat is almost dead.
The river rat bites you.
You hit the river rat but do no damage.
The river rat is almost dead.
The river rat barely misses you.
You hit the river rat but do no damage.
The river rat is almost dead.
The river rat bites you.
You are too injured to fight recklessly!
You are too injured to fight recklessly!
You are too injured to fight recklessly!
You are too injured to fight recklessly!
You hit the river rat but do no damage.
The river rat is almost dead.
The river rat bites you.
* * * LOW HITPOINT WARNING * * *
You hit the river rat but do no damage.
The river rat is almost dead.
The river rat barely misses you.
You barely miss the river rat.
The river rat is almost dead.
The river rat bites you.
* * * LOW HITPOINT WARNING * * *
You closely miss the river rat.
The river rat is almost dead.
The river rat bites you!
* * * LOW HITPOINT WARNING * * *
You hit the river rat but do no damage.
The river rat is almost dead.
The river rat bites you.
You die...

..~~. #~. .~..~ #~#
~~.~~.#~#
~~..~.#~###### #~##
.~..~.#~#..#~#..P..#
......P....#~#....P#
.~~...~P~.~#@#.~~PP#
.~....Sr.r.#r#~~~~P#
..~##~#.~..#r#~~~~#
# ###~~Sh~..~.#
###.~~~.~##
##.~~~..## ##..~...#
######...#
~~~~~~~P..#


You could see a river rat, a jackal, a ball python and a rat.

Vanquished Creatures
  2 gnolls
  5 adders
  2 worms
  4 dart slugs (D:1)
  9 ball pythons
  8 bats
  3 endoplasms
  3 giant cockroaches (D:1)
  2 goblins
  3 hobgoblins (D:2)
  3 jackals (Sewer)
  2 kobolds
  2 quokkas
  A frilled lizard (D:1)
  10 rats
59 creatures vanquished.

Vanquished Creatures (others)
  9 plants (Sewer)
9 creatures vanquished.

Grand Total: 68 creatures vanquished

Notes
Turn   | Place    | Note
-------+----------+-------------------------------------------
     0 | D:1      | jimonade the Djinni Warper began the quest for the Orb.
     0 | D:1      | jimonade set off with the following spells memorised:
                  | Blink, Lesser Beckoning, Vhi's Electric Charge, Teleport
                  | Other, Manifold Assault.
     0 | D:1      | Reached XP level 1. HP: 18/18 MP: 0/0
    57 | D:1      | Reached XP level 2. HP: 23/23 MP: 0/0
   174 | D:1      | Found a faded altar of an unknown god.
   182 | D:1      | Reached skill level 3 in Spellcasting
   286 | D:1      | Reached XP level 3. HP: 25/28 MP: 0/0
   286 | D:1      | Learned a level 1 spell: Beastly Appendage
   612 | D:1      | Reached XP level 4. HP: 7/33 MP: 0/0
   924 | D:2      | Found Ibrogyom's Antique Armour Shoppe.
  1254 | D:2      | Reached skill level 4 in Spellcasting
  1586 | D:3      | Found a glowing drain.
  1609 | D:3      | Reached XP level 5. HP: 25/38 MP: 0/0
  1609 | D:3      | Learned a level 2 spell: Ensorcelled Hibernation
  1632 | Sewer    | Entered a sewer
  1806 | Sewer    | Slain by a river rat

Illustrated notes

Levels and vault maps discovered:
D:1:      eino_arrival_water_cross, layout_rooms,
          hellmonk_ecumenical_altar_lost_god, minmay_small_reverse_x
D:2:      layout_rooms, serial_shops, nicolae_shop_behind_doors
D:3:      layout_basic, nicolae_dithmenos_through_a_glass_darkly,
          lightli_sewer_entry_pipes, chequers_big_river
Sewer:    sewer_co_scattered_pipes

Skill      XL: |  1  2  3  4 |
---------------+-------------+-----
Spellcasting   | 3 4 |  4.4
Fighting       | |  2.0
Polearms       | |  1.5
Throwing       | |  0.7
Armour         | |  1.0
Dodging        | |  2.1

Action                     |  1- 3 |  4- 6 || total
---------------------------+-------+-------++-------
  Melee: Spear             |   115 |   223 ||   338
         Punch             |     1 |     4 ||     5
         Headbutt          |     8 |     1 ||     9
   Cast: Beastly Appendage |    13 |     2 ||    15
    Use: Scroll            |       |     8 ||     8
 Armour: Leather armour    |     3 |       ||     3
         Ring mail         |    29 |    67 ||    96
  Dodge: Dodged            |    50 |   143 ||   193

Table legend: (Time is in decaauts)
 A = Elapsed time spent in this place.
 B = Non-inter-level travel time spent in this place.
 C = Inter-level travel time spent in this place.
 D = Time resting spent in this place.
 E = Time spent auto-exploring this place.
 F = Levels seen in this place.
 G = Mean time per level.
                   A        B        C        D        E       F      G
               +--------+--------+--------+--------+--------+-----+--------+
         Total |   1815 |   1787 |     28 |    145 |    942 |   4 |  453.8 |
       Dungeon |   1641 |   1613 |     28 |    104 |    909 |   3 |  547.0 |
         Sewer |    174 |    174 |      0 |     41 |     33 |   1 |  174.0 |
               +--------+--------+--------+--------+--------+-----+--------+

Top non-repeatable levels by time:
     D:1: 926 daAuts
     D:2: 584 daAuts
   Sewer: 174 daAuts
     D:3: 130 daAuts
